 Dungeon Crawl Stone Soup version 0.21.1-1-g345015f (webtiles) character file.

546 nicolaieve the Cleaver (level 7, 0/85 HPs)
             Began as a Minotaur Berserker on July 16, 2018.
             Was a Priest of Trog.
             Slain by a killer bee (6 damage)
             ... on level 4 of the Dungeon.
             The game lasted 00:08:23 (1985 turns).

nicolaieve the Cleaver (Minotaur Berserker)         Turns: 1985, Time: 00:08:24

Health: 0/85       AC:  7    Str: 29    XL:     7   Next: 6%
Magic:  6/6        EV: 11    Int:  4    God:    Trog [***...]
Gold:   131        SH:  0    Dex:  9    Spells: 6/6 levels left

rFire    . . .     SeeInvis .   a - +0 hand axe
rCold    . . .     Gourm    .   (no shield)
rNeg     . . .     Faith    .   i - +0 scale mail
rPois    .         Spirit   .   (helmet restricted)
rElec    .         Reflect  .   (no cloak)
rCorr    .         Harm     .   (no gloves)
MR       ++...                  f - +0 pair of boots
Stlth    ..........             (no amulet)
HPRegen  1.24/turn              (no ring)
MPRegen  0.10/turn              (no ring)

@: berserking, lethally poisoned (0 -> -2), regenerating, very quick
A: retaliatory headbutt, horns 2
a: Berserk, Trog's Hand, Burn Spellbooks, Renounce Religion


You were on level 4 of the Dungeon.
You worshipped Trog.
Trog was most pleased with you.
You were very hungry.

You visited 1 branch of the dungeon, and saw 4 of its levels.

You collected 131 gold pieces.

Inventory:

Hand Weapons
 a - a +0 hand axe (weapon)
Armour
 f - a +0 pair of boots (worn)
 i - a +0 scale mail (worn)
Jewellery
 w - an uncursed ring of flight {unknown}
Wands
 t - a wand of polymorph (14)
Scrolls
 e - 2 scrolls of blinking {unknown}
 h - 2 scrolls of remove curse {unknown}
 j - a scroll of fear {unknown}
 k - a scroll of immolation {unknown}
 p - a scroll of fog {unknown}
 q - a scroll of teleportation {unknown}
 u - a scroll of enchant weapon {unknown}
 v - a scroll of amnesia {unknown}
Potions
 b - a potion of degeneration {unknown}
 d - a potion of might {unknown}
 l - a potion of heal wounds {unknown}
 m - a potion of cancellation {unknown}
 n - a potion of agility {unknown}
 o - 2 potions of curing {unknown}
 s - 2 potions of flight {unknown}
Books
 r - a book of Maledictions

   Spells                             Type                      Level
   a - Corona                         Hexes                        1
   b - Ensorcelled Hibernation        Hexes/Ice                    2
   c - Confuse                        Hexes                        3
   d - Tukima's Dance                 Hexes                        3
   e - Dazzling Spray                 Conjuration/Hexes            3
   Trog disapproves of the use of such an item.
Comestibles
 c - 7 rations
 g - 3 chunks of flesh


   Skills:
 - Level 3.6 Fighting
 + Level 9.7 Axes
 - Level 2.4 Armour
 - Level 2.1 Dodging


You had 6 spell levels left.
You didn't know any spells.

Dungeon Overview and Level Annotations

Branches:
Dungeon (4/15)
 Temple: D:4-7

Altars:


Innate Abilities, Weirdness & Mutations

You reflexively headbutt those who attack you in melee.
You have a pair of horns on your head.


Message History

You furiously retaliate!
You headbutt the killer bee!!
You kill the killer bee!
Trog accepts your kill.
Unknown command.
You closely miss the killer bee. Your headbutt misses the killer bee.
You miss the killer bee.
You feel sick. The killer bee closely misses you. You furiously retaliate!
You headbutt the killer bee!
You kill the killer bee!
Trog accepts your kill.
You have reached level 7!
The killer bee closely misses you.
You miss the killer bee.
You feel sick.
The killer bee stings you but does no damage.
You closely miss the killer bee.
You feel sick.
The killer bee stings you but does no damage.
Unknown command.
You closely miss the killer bee. You headbutt the killer bee!
The killer bee is moderately wounded.
You feel sick. The killer bee stings you.
You die...

....... .#######.......
..>............
#.#..#........ ###
.....#........ ..#######
#.#..#........
#.##....###.#..#y.......
...'....'.......@†......
#.##....###.##..##+#####
#.##....###............
#.##.......####.##.....
#.#####....# #..# ....
#.# #....# #..# ... #.#
#....# #... .. #.#
#....# #.... . ..#
#....# ##...#


You could see a killer bee.

Vanquished Creatures
  The ghost of poirepourri the Magician, an amateur MfTm (D:3)
  2 killer bees (D:4)
  A crimson imp (D:3)
  Jessica (D:3)
  Natasha (twice) (D:3)
  Terence (D:3)
  A worker ant (D:4)
  Robin (D:2)
  2 adders
  3 worms
  A dart slug (D:3)
  A leopard gecko (D:1)
  An orc (D:3)
  8 giant cockroaches
  14 goblins
  8 hobgoblins
  5 jackals
  5 kobolds
  2 quokkas (D:2)
  A ball python (D:2)
  8 bats
  3 frilled lizards
  A jackal skeleton (D:2)
  4 rats
77 creatures vanquished.

Notes
Turn   | Place    | Note
-------+----------+-------------------------------------------
     0 | D:1      | nicolaieve the Minotaur Berserker began the quest for the Orb.
     0 | D:1      | Reached XP level 1. HP: 19/19 MP: 0/0
    57 | D:1      | Reached skill level 4 in Axes
   144 | D:1      | Reached XP level 2. HP: 18/26 MP: 1/1
   707 | D:2      | Reached ** piety under Trog
   740 | D:2      | Reached skill level 5 in Axes
   757 | D:2      | Reached XP level 3. HP: 22/31 MP: 2/2
   851 | D:2      | Noticed Robin
   867 | D:2      | Killed Robin
   874 | D:2      | Reached XP level 4. HP: 21/39 MP: 3/3
   903 | D:2      | Reached skill level 6 in Axes
  1223 | D:3      | Noticed poirepourri's ghost (amateur MfTm)
  1241 | D:3      | Killed poirepourri's ghost
  1241 | D:3      | Reached *** piety under Trog
  1241 | D:3      | Reached skill level 8 in Axes
  1241 | D:3      | Reached XP level 5. HP: 39/45 MP: 4/4
  1241 | D:3      | Reached XP level 6. HP: 44/51 MP: 5/5
  1276 | D:3      | Noticed Jessica
  1282 | D:3      | Killed Jessica
  1367 | D:3      | Noticed Natasha
  1375 | D:3      | Killed Natasha
  1455 | D:3      | Noticed Natasha
  1459 | D:3      | Killed Natasha
  1459 | D:3      | Reached skill level 9 in Axes
  1506 | D:3      | Noticed Terence
  1540 | D:3      | Killed Terence
  1982 | D:4      | Reached XP level 7. HP: 8/57 MP: 6/6
  1985 | D:4      | Slain by a killer bee

Skill      XL: |  1  2  3  4  5  6 |
---------------+-------------------+-----
Axes           | 4 5 8 9 |  9.7
Fighting       | |  3.6
Armour         | |  2.4
Dodging        | |  2.1

Action                   |  1- 3 |  4- 6 |  7- 9 || total
-------------------------+-------+-------+-------++-------
Melee: Hand axe          |    74 |    86 |     3 ||   163
       Headbutt          |    13 |    16 |     1 ||    30
       Unarmed           |       |    26 |       ||    26
Invok: Berserk           |     1 |     2 |       ||     3
       Trog's Hand       |     1 |     1 |       ||     2
 Stab: Sleeping          |     1 |       |       ||     1
  Eat: Chunk             |       |     6 |       ||     6
Armor: Animal skin       |     6 |       |       ||     6
       Scale mail        |    22 |    23 |     2 ||    47
Dodge: Dodged            |    59 |    47 |     1 ||   107
